AoeStats
← FJL

Arabia

506706423Analyzed
4v4 RM · 19d ago on Sep 14, 2026· 17m 42s· 8 players
Game mode
Random Map
Map size
Large (8 player)
Population
200
Speed
Normal
Resources
Standard
Victory
Conquest
Starting age
Dark Age
Ending age
Imperial Age
RankedLock teamsTeams togetherTeam positionsShared explorationLock speedFull tech treeHidden civsTurbo modeCheats
Victory
Defeat
🇦🇷 Mongols · Argentina
1445
+11
1425
+12
🇦🇷 Saracens · Argentina
1390
+15
🇦🇷 Hindustanis · Argentina
1374
+15
🇵🇹 Lithuanians · Portugal
1358
-14
🇮🇹 Poles · Italy
1337
-13
🇬🇧 Byzantines · United Kingdom
1336
-13
🇮🇹 Muisca · Italy
1330
-13
cdb
3:40 Loom
10:31 Feudal Age
11:06 Double-Bit Axe
Wendysocute
7:03 Loom
8:58 Loom
10:43 Feudal Age
17:36 Castle Age
16:12 Fletching
16:17 Double-Bit Axe
17:11 Padded Archer Armor
511
6:40 Loom
9:01 Feudal Age
BARAKA wins!
7:21 Loom
10:41 Feudal Age
11:19 Double-Bit Axe
Nicostock
5:27 Loom
8:23 Feudal Age
13:02 Town Watch
20:19 Castle Age
FJL
5:42 Loom
6:31 Loom
8:38 Feudal Age
13:05 Fletching
15:45 Double-Bit Axe
Moctezuma
5:44 Loom
8:59 Feudal Age
9:34 Double-Bit Axe
9:48 Horse Collar
Cayo Mario - Siete veces Cónsul
6:31 Loom
8:51 Feudal Age
9:26 Double-Bit Axe
10:17 Town Watch
10:45 Horse Collar
Connection lost

Rejoining the realm…

Still unreachable

The connection could not be restored.

Session expired

The server has moved on; the page needs a fresh start.